 Dungeon Crawl Stone Soup version 0.21.1-1-g345015f (webtiles) character file.

75 rabel the Digger (level 4, -1/24 HPs)
             Began as a Gargoyle Earth Elementalist on May 17, 2018.
             Slain by a centaur (2 damage)
             ... on level 2 of the Dungeon.
             The game lasted 00:12:42 (1962 turns).

rabel the Digger (Gargoyle Earth Elementalist)      Turns: 1962, Time: 00:12:43

Health: -1/24      AC:  5    Str: 11    XL:     4   Next: 31%
Magic:  4/8        EV: 12    Int: 17    God:
Gold:   35         SH:  0    Dex: 10    Spells: 7/8 levels left

rFire    . . .     SeeInvis .   j - +0 mace
rCold    . . .     Gourm    .   (no shield)
rNeg     + . .     Faith    .   c - +0 robe
rPois    ∞         Spirit   .   (no helmet)
rElec    +         Reflect  .   (no cloak)
rCorr    .         Harm     .   (no gloves)
MR       .....                  (no boots)
Stlth    ++........             (no amulet)
HPRegen  0.08/turn              (no ring)
MPRegen  0.11/turn              (no ring)

@: no status effects
A: negative energy resistance 1, electricity resistance, unbreathing,
petrification resistance, rot immunity, AC +3
a: no special abilities


You were on level 2 of the Dungeon.
You were not hungry.

You visited 1 branch of the dungeon, and saw 2 of its levels.

You collected 35 gold pieces.

Inventory:

Hand Weapons
 a - a +0 dagger
 f - a +3 hunting sling
 h - a +0 hand axe
 j - a +0 mace (weapon)
 k - a +0 whip
 p - a +2 dagger of flaming
 q - a +0 hunting sling
 s - a +0 mace
Missiles
 b - 33 stones (quivered)
 n - 14 arrows
Armour
 c - a +0 robe (worn)
Jewellery
 l - an uncursed amulet of the gourmand {unknown}
Scrolls
 g - 2 scrolls of remove curse {unknown}
 r - a scroll of teleportation {unknown}
Potions
 i - a potion of resistance {unknown}
 m - a potion of agility {unknown}
Books
 e - a book of Geomancy

   Spells                             Type                      Level
   a - Sandblast                      Earth                        1
   b - Passwall                       Transmutation/Earth          2
   c - Stone Arrow                    Conjuration/Earth            3
   d - Petrify                        Transmutation/Earth          4
   e - Lee's Rapid Deconstruction     Earth                        5
Comestibles
 d - 2 rations
 o - 8 chunks of flesh


   Skills:
 * Level 0.7 Fighting
 + Level 0.4 Maces & Flails
 + Level 2.0 Dodging
 + Level 2.9 Stealth
 * Level 2.8 Spellcasting
   Level 0.7 Transmutations
 * Level 4.3 Earth Magic


You had 7 spell levels left.
You knew the following spells:

 Your Spells              Type           Power        Failure   Level  Hunger
a - Sandblast             Erth           ###...       3%          1    #......


Dungeon Overview and Level Annotations

Branches:
Dungeon (2/15)

Altars:
Zin


Innate Abilities, Weirdness & Mutations

You are resistant to torment.
Your stone body is resilient. (AC +3)
You are immune to poison.
You resist negative energy. (rN+)
You are resistant to electric shocks. (rElec)
You can survive without breathing.
You are immune to petrification.
You are immune to rotting.


Message History

Casting: Sandblast
Confirm with . or Enter, or press ? or * to list all spells.
Aiming: Sandblast
Press: ? - help, Shift-Dir - straight line, f/p - centaur
Aim: a centaur (moderately wounded)
The blast of sand hits the centaur.
The centaur is severely wounded.
b - 34 stones The centaur hits you.
* * * LOW HITPOINT WARNING * * *
Casting: Sandblast
Confirm with . or Enter, or press ? or * to list all spells.
Aiming: Sandblast
Press: ? - help, Shift-Dir - straight line, f/p - centaur
Aim: a centaur (severely wounded)
The blast of sand hits the centaur.
The centaur is almost dead.
b - 33 stones The centaur hits you.
You die...

...#..### #......##.#
.###..# ####.#.......#
......# #.....[...##.#
.###.## #.#####......###
###...# #.# #.........
#...# #.# #..###.###
#...#######.# #......#
#...........#####..#####
###...#####.....@c...#
.............#####(###
.............# #.#
.............# #.#
###..<#####..# #c.
#..... .... ..#
#...######## #.# ###...#
... #.....# #.#


You could see a centaur.

Vanquished Creatures
  Terence (D:2)
  2 oozes
  A leopard gecko (D:1)
  3 bats
  3 giant cockroaches
  6 goblins
  7 hobgoblins
  2 jackals (D:1)
  6 frilled lizards
  3 kobolds (D:1)
  5 rats
39 creatures vanquished.

Notes
Turn   | Place    | Note
-------+----------+-------------------------------------------
     0 | D:1      | rabel the Gargoyle Earth Elementalist began the quest for the Orb.
     0 | D:1      | Reached XP level 1. HP: 10/10 MP: 3/3
   178 | D:1      | Reached XP level 2. HP: 15/15 MP: 1/5
   380 | D:1      | Reached skill level 4 in Earth Magic
   934 | D:1      | Reached XP level 3. HP: 18/19 MP: 6/6
  1193 | D:2      | Found a glowing silver altar of Zin.
  1848 | D:2      | Noticed Terence
  1860 | D:2      | Killed Terence
  1860 | D:2      | Reached XP level 4. HP: 18/24 MP: 0/8
  1936 | D:2      | Noticed a centaur
  1961 | D:2      | HP: 1/24 [centaur (6)]
  1962 | D:2      | Slain by a centaur

Skill      XL: |  1  2  3 |
---------------+----------+-----
Earth Magic    | 4 |  4.3
Dodging        | 2 |  2.0
Fighting       | |  0.7
Maces & Flails | |  0.4
Stealth        | |  2.9
Spellcasting   | |  2.8
Transmutations | |  0.7

Action                   |  1- 3 |  4- 6 || total
-------------------------+-------+-------++-------
Melee: Unarmed           |    13 |       ||    13
       Mace              |    36 |       ||    36
       Hand axe          |     3 |       ||     3
       Whip              |    14 |       ||    14
       Dagger            |     1 |       ||     1
 Cast: Sandblast         |    48 |     5 ||    53
 Stab: Sleeping          |     1 |       ||     1
  Eat: Chunk             |     4 |       ||     4
Armor: Robe              |    27 |     1 ||    28
Dodge: Dodged            |    74 |     1 ||    75
